 Dungeon Crawl Stone Soup version 0.24-a0-535-gbb0d440638 (webtiles) character file.

Game seed: 3481375687159362546

112 Gynju the Grave Robber (level 4, -2/33 HPs)
             Began as a Ghoul Necromancer on Aug 9, 2019.
             Was an Initiate of Yredelemnul.
             Slain by a gnoll
             ... wielding a cursed +0 spear
              (8 damage)
             ... on level 3 of the Dungeon.
             The game lasted 00:05:58 (3609 turns).

Gynju the Grave Robber (Ghoul Necromancer)          Turns: 3609, Time: 00:05:58

Health: -2/33      AC:  2    Str: 11    XL:     4   Next: 95%
Magic:  2/7        EV: 12    Int: 11    God:    Yredelemnul [......]
Gold:   150        SH:  3    Dex:  9    Spells: 6/8 levels left

rFire    . . .     SeeInvis .   k - +0 spear
rCold    + . .     Gourm    .   n - +0 buckler
rNeg     + + +     Faith    .   a - +0 robe
rPois    ∞         Spirit   .   (no helmet)
rElec    .         Reflect  .   (no cloak)
rCorr    .         Harm     .   (no gloves)
MR       .....                  (no boots)
Stlth    ++........             (no amulet)
HPRegen  0.00/turn              (no ring)
MPRegen  0.10/turn              (no ring)

@: very slightly contaminated, rotting
A: rotting body, claws 1, carnivore, cold resistance 1, negative energy
resistance 3, inhibited regeneration, torment resistance, unbreathing
a: Renounce Religion


You were on level 3 of the Dungeon.
You worshipped Yredelemnul.
Yredelemnul was noncommittal.
You were hungry.

You visited 1 branch of the dungeon, and saw 3 of its levels.

You collected 150 gold pieces.

Inventory:

Hand Weapons
 k - a +0 spear (weapon)
Armour
 a - a +0 robe (worn)
 n - a +0 buckler (worn)
Jewellery
 b - an uncursed amulet of the gourmand {unknown}
Wands
 m - a wand of paralysis (8)
Scrolls
 d - 3 scrolls of identify {unknown}
 e - a scroll of enchant armour {unknown}
 h - a scroll of teleportation {unknown}
 l - a scroll of magic mapping {unknown}
 p - a scroll of fog {unknown}
 s - a scroll of remove curse {unknown}
Potions
 f - 2 potions of curing {unknown}
 g - 2 potions of agility {unknown}
 i - a potion of mutation {unknown}
 j - a potion of degeneration {unknown}
 o - a potion of lignification {unknown}
 q - a potion of invisibility {unknown}
Comestibles
 c - 5 rations
 r - 2 chunks of flesh


   Skills:
 - Level 2.3 Dodging
 - Level 2.4 Stealth
 + Level 1.3 Shields
 + Level 2.7 Spellcasting
 + Level 4.7 Necromancy
 + Level 0.3 Invocations


You had 6 spell levels left.
You knew the following spells:

 Your Spells              Type           Power        Failure   Level  Hunger
a - Pain                  Necr           ##..         5%          1    ##.....
b - Animate Skeleton      Necr           N/A          5%          1    ##.....

Your spell library contained the following spells:

 Spells                   Type           Power        Failure   Level  Hunger
 Vampiric Draining        Necr           ##........   17%         3    ####...
 Apportation              Tloc           #.....       36%         1    ##.....
 Confusing Touch          Hex            #.....       36%         1    ##.....
 Summon Small Mammal      Summ           #...         36%         1    ##.....
 Regeneration             Chrm/Necr      #.........   41%         3    ####...
 Animate Dead             Necr           N/A          50%         4    #####..


Dungeon Overview and Level Annotations

Branches:
Dungeon (3/15)

Altars:
Ashenzari
Cheibriados
Yredelemnul

Annotations:
D:2 1 runed translucent door, Crazy Yiuf


Innate Abilities, Weirdness & Mutations

Your body is rotting away.
You thrive on raw meat.
You are immune to poison.
You have sharp fingernails.
You are carnivorous and can eat meat at any time.
Your flesh is cold resistant. (rC+)
You are immune to negative energy. (rN+++)
You do not regenerate when monsters are visible.
You are immune to unholy pain and torment.
You can survive without breathing.


Message History

The giant cockroach barely misses you.
Casting: Pain (safe; 5% risk of failure)
Confirm with . or Enter, or press ? or * to list all spells.
Aiming: Pain (safe; 5% risk of failure)
Press: ? - help, Shift-Dir - straight line, f/p - gnoll
Aim: a gnoll, wielding a +0 spear and wearing a +0 ring mail (lightly wounded, chance to defeat MR: 73%)
The giant cockroach writhes in agony.
You kill the giant cockroach!
Yredelemnul accepts your kill.
The gnoll hits you from afar with a cursed +0 spear.
* * * LOW HITPOINT WARNING * * *
Casting: Pain (safe; 5% risk of failure)
Confirm with . or Enter, or press ? or * to list all spells.
Aiming: Pain (safe; 5% risk of failure)
Press: ? - help, Shift-Dir - straight line, f/p - gnoll
Aim: a gnoll, wielding a +0 spear and wearing a +0 ring mail (lightly wounded, chance to defeat MR: 73%)
The gnoll writhes in agony.
The gnoll hits you from afar with a cursed +0 spear!
You die...
Yredelemnul claims you as an undead slave.

#.# #..#.#..##..#
#######.#
#.#._.#.##..#
#.<.).<.#
#..#.#...#..# ###
#.#####.#
#...#.......## #..
#.# #.#
#.......##...# #.#
#.# #.#
####.#.####..# #.#
#.# #.######...#
#..# #.# #.#
#.#......#.#
##..######.# #.#
#.#.####@#.#
#........... #.#
#.# #†#.#
#.#.####.#.# #..
#..g..#....# #.#.#
...#.....#..#
#.#.# ..##.
...#...#####.#.#
## ##.....#.##
#.....#
#.....#.####.#.###
#............#.#
#.....#.####.#.#


You could see a gnoll.

Vanquished Creatures
  3 gnolls (D:3)
  3 adders
  A worm (D:2)
  A dart slug (D:3)
  5 leopard geckos
  3 giant cockroaches (D:3)
  4 goblins
  7 hobgoblins
  3 jackals (D:3)
  2 quokkas
  4 bats
  2 frilled lizards (D:3)
  5 kobolds
  4 rats
47 creatures vanquished.

Vanquished Creatures (collateral kills)
  A hobgoblin (D:2)
1 creature vanquished.

Grand Total: 48 creatures vanquished

Notes
Turn   | Place    | Note
-------+----------+-------------------------------------------
     0 | D:1      | Gynju the Ghoul Necromancer began the quest for the Orb.
     0 | D:1      | Reached XP level 1. HP: 14/14 MP: 2/2
   112 | D:1      | Reached XP level 2. HP: 20/20 MP: 1/3
  1353 | D:2      | Reached XP level 3. HP: 21/26 MP: 0/5
  1465 | D:2      | Learned a level 1 spell: Animate Skeleton
  1995 | D:2      | Found a shattered altar of Ashenzari.
  2179 | D:2      | Found a runed translucent door.
  2180 | D:2      | Noticed Crazy Yiuf
  2288 | D:3      | Reached XP level 4. HP: 12/32 MP: 0/6
  2290 | D:3      | Found a faded altar of an unknown god.
  2549 | D:3      | Reached skill level 1 in Shields
  2923 | D:3      | Found a basalt altar of Yredelemnul.
  2924 | D:3      | Found a snail-covered altar of Cheibriados.
  3161 | D:3      | Became a worshipper of Yredelemnul the Dark
  3609 | D:3      | Slain by a gnoll

Levels and vault maps discovered:
D:1:      dpeg_arrival_tiny_d, layout_basic
D:2:      layout_basic, ashenzari_conservatory_becter, serial_bayou_pond_b,
          corexii_item_surrounded_by_moat, uniq_crazy_yiuf_cottage
D:3:      layout_loops_ring, grunt_temple_overflow_lords_of_destruction,
          minitemple, chequers_ecumenical_altar_simple_redux, first_ration

Skill      XL: |  1  2  3  4 |
---------------+-------------+-----
Dodging        | 2 |  2.3
Spellcasting   | 2 |  2.7
Shields        | 1 |  1.3
Stealth        | |  2.4
Necromancy     | |  4.7
Invocations    | |  0.3

Action                   |  1- 3 |  4- 6 || total
-------------------------+-------+-------++-------
Melee: Unarmed           |    23 |       ||    23
       Spear             |    18 |    43 ||    61
 Cast: Pain              |    44 |    42 ||    86
       Animate Skeleton  |     3 |     4 ||     7
  Eat: Chunk             |     7 |     3 ||    10
Armor: Robe              |     6 |    10 ||    16
Dodge: Dodged            |    22 |    37 ||    59
Block: Buckler           |     2 |     9 ||    11

Table legend:
 A = Non-vault XP
 B = Vault XP
 C = Vault XP percentage of total XP
 D = Non-vault monster count
 E = Vault monster count
 F = Vault count percentage of total count
                 A         B        C        D         E       F
            +---------+---------+-------+---------+---------+-------
      Total |     145 |      16 |   9.9 |      45 |       3 |   6.2
            +---------+---------+-------+---------+---------+-------
        D:1 |      23 |       0 |   0.0 |      14 |       0 |   0.0
        D:2 |      36 |      16 |  30.8 |      11 |       3 |  21.4
        D:3 |      86 |       0 |   0.0 |      20 |       0 |   0.0
            +---------+---------+-------+---------+---------+-------
